 Dungeon Crawl Stone Soup version 0.28.0-45-g0d030f2227 (webtiles) character file.

Game seed: 4667565697442537893

2277 mortz the Thaumaturge (level 9, -15/45 HPs)
             Began as a Deep Elf Conjurer on Apr 23, 2022.
             Was an Initiate of Vehumet.
             Demolished by a troll (16 damage)
             ... on level 6 of the Dungeon.
             The game lasted 00:37:50 (8215 turns).

mortz the Thaumaturge (Deep Elf Conjurer)           Turns: 8215, Time: 00:37:50

Health: -15/45     AC:  4    Str:  6    XL:     9   Next: 16%
Magic:  21/24      EV: 13    Int: 26    God:    Vehumet [......]
Gold:   428        SH:  4    Dex: 19    Spells: 20/26 levels left

rFire   + . .      SeeInvis .   d - +2 short sword (freeze) {short}
rCold   . . .      Faith    .   A - +0 buckler
rNeg    . . .      Spirit   .   c - +1 robe {Archmagi}
rPois   .          Reflect  .   (no helmet)
rElec   .          Harm     .   p - +0 cloak
rCorr   .          Rampage  .   (no gloves)
Will    .....      Archmagi +   (no boots)
Stlth   +++.......              (no amulet)
HPRegen 0.15/turn               i - +6 ring of dexterity
MPRegen 0.19/turn               B - ring of protection from fire

@: no status effects
A: no striking features
a: Renounce Religion


You were on level 6 of the Dungeon.
You worshipped Vehumet.
Vehumet was noncommittal.
You visited 2 branches of the dungeon, and saw 8 of its levels.

You collected 428 gold pieces.


   Skills:
 + Level 0.3 Fighting
 + Level 3.3 Armour
 + Level 3.5 Dodging
 + Level 4.8 Stealth
 + Level 0.1 Shields
 + Level 9.1 Spellcasting
 + Level 8.3 Conjurations
 * Level 3.1 Translocations
 * Level 4.5 Fire Magic


You had 20 spell levels left.
You knew the following spells:

 Your Spells              Type           Power      Damage    Failure   Level
a - Magic Dart            Conj           100%       1d8       1%          1
b - Searing Ray           Conj           100%       2d8       1%          2
c - Foxfire               Conj/Fire      100%       2x1d9     1%          1
d - Scorch                Fire           100%       2d10      1%          2

Your spell library contained the following spells:

 Spells                   Type           Power      Damage    Failure   Level
 Static Discharge         Conj/Air       50%        N/A       1%          2
 Conjure Flame            Conj/Fire      62%        6-21      1%          3
 Dazzling Flash           Conj/Hex       100%       N/A       3%          3
 Flame Wave               Conj/Fire      62%        2d12      4%          4
 Iskenderun's Mystic Bla  Conj/Tloc      58%        2d12      6%          4
 Animate Skeleton         Necr           34%        N/A       7%          1
 Inner Flame              Hex/Fire       35%        N/A       9%          3
 Passwall                 Tmut/Erth      14%        N/A       11%         2
 Fulminant Prism          Conj/Hex       25%        3d14      12%         4
 Lightning Bolt           Conj/Air       25%        1d41      34%         5
 Yara's Violent Unravell  Hex/Tmut       8%         3d5       88%         5
 Summon Cactus Giant      Summ           8%         N/A       100%        6
 Maxwell's Capacitive Co  Air            8%         ∞         100%        8

Inventory:

Hand Weapons
 d - a +2 short sword of freezing (weapon) {short}
   (You took it off a kobold on level 2 of the Dungeon)
 f - a +0 dagger of venom {short}
   (You took it off a kobold on level 3 of the Dungeon)
 l - a +3 dagger of speed {short}
   (You took it off Jessica on level 2 of the Dungeon)
 v - a +0 war axe {axe}
   (You found it on level 5 of the Dungeon)
 w - a +0 flail {mace}
   (You took it off an orc on level 5 of the Dungeon)
 z - a +0 vampiric spear {polearm}
   (You took it off a gnoll on level 6 of the Dungeon)
Missiles
 m - 2 poisoned darts {throwing}
 x - 2 boomerangs {throwing}
Armour
 c - a +1 robe of the Archmagi (worn)
   (You took it off an orc wizard on level 7 of the Dungeon)
 p - a +0 cloak (worn)
   (You found it on level 4 of the Dungeon)
 A - a +0 buckler (worn)
   (You took it off a gnoll sergeant on level 6 of the Dungeon)
 D - the +2 leather armour "Fopur" {SInv}
   (You found it on level 7 of the Dungeon)

   SInv:      It lets you see invisible.
Jewellery
 i - a +6 ring of dexterity (left hand)
   (You found it on level 3 of the Dungeon)
 B - a ring of protection from fire (right hand)
   (You found it on level 6 of the Dungeon)
Wands
 C - a wand of paralysis (9)
   (You found it on level 6 of the Dungeon)
Scrolls
 b - a scroll of fear {unknown}
 h - a scroll of blinking {!r}
 j - a scroll of magic mapping {unknown}
 q - a scroll of vulnerability {unknown}
 r - a scroll of fog {unknown}
 s - a scroll of immolation {unknown}
 t - a scroll of noise {unknown}
 u - a scroll of enchant armour {unknown}
 y - a scroll of teleportation {unknown}
 E - a scroll of identify {@r1}
Potions
 a - 2 potions of brilliance {unknown}
 e - a potion of lignification {!q}
 g - 4 potions of curing {@q1}
 k - 3 potions of mutation {!q}
 n - a potion of invisibility {unknown}
 o - a potion of flight {unknown}

Dungeon Overview and Level Annotations

Branches:
Dungeon (7/15)             Temple (1/1) D:4

Altars:
Ashenzari
Cheibriados
Dithmenos
Elyvilon
Fedhas
Hepliaklqana
Makhleb
Nemelex Xobeh
Okawaru
Qazlal
Ru
Sif Muna
Trog
Uskayaw
Vehumet
Wu Jian
Xom
Yredelemnul
Zin
The Shining One

Shops:
D:3 [   D:5 (

Annotations:
D:2 Sigmund

#.....#...#.........#####
#######...#.........#
#....#[..#.........#
#....+>..#....######
#....#...#....#
#...##...#....#
#...##...#....#
#.......T#....#
#........@....#
#........#....# ########
#........#....# #.......
###'##...#....# #.......
#...##...#....# #.......
#....#...#....# #.......
#....#...#....#####.......
#>...#...#................
#....#...#................


You could see a troll.


Message History

The killer bee poisons you! 😮 HP[-2] MP[-2]
You take 2 damage, and now have 27/45 hp.
You lost 2 mp, and now have 17/24 mp.
The searing ray hits the killer bee.
You feel sick. The killer bee closely misses you.
The killer bee stings you but does no damage. 😮 HP[-1]
You take 1 damage, and now have 26/45 hp.
The searing ray hits the killer bee!
You feel sick. The killer bee misses you.
The killer bee closely misses you. 😮 HP[-2] MP[-1]
You take 2 damage, and now have 24/45 hp.
You lost 1 mp, and now have 16/24 mp.
The searing ray hits the killer bee!
You kill the killer bee!
Vehumet accepts your kill.
You finish channelling your searing ray.
You feel sick. 😮 HP[-1] MP[-1]
You take 1 damage, and now have 23/45 hp.
You lost 1 mp, and now have 15/24 mp.
You feel sick.
You feel sick.
You feel sick.
You feel sick.
You feel sick.
You are no longer poisoned.
You see here a killer bee corpse.
Things that are here:
a killer bee corpse; a killer bee corpse 😎 HP[+22] MP[+9]
Your hp is fully restored (45).
Your mp is fully restored (24).
There is an open gate here.
You see here a +0 ring mail.
a - 2 fuming golden potions (gained 1)
You see here 25 bolts.
You now have 428 gold pieces (gained 18).
You see here a +0 trident {polearm}.
There is an open gate here.
A troll comes into view.
There is a stone staircase leading up here.
You climb upwards.
There is a stone staircase leading down here.
You start removing your armour.
You continue taking off the +2 leather armour "Fopur" {SInv}. x4
You finish taking off the +2 leather armour "Fopur" {SInv}.
You start putting on your armour.
You continue putting on your +1 robe of the Archmagi. x5
You finish putting on your +1 robe of the Archmagi.
You feel powerful.
You climb downwards.
There is a stone staircase leading up here.
Casting: Searing Ray (safe; 1% risk of failure)
Confirm with . or Enter, or press ? or * to list all spells.
Aiming: Searing Ray (safe; 1% risk of failure)
Press: ? - help, Shift-Dir - straight line, f - troll
Aim: a troll (83% to hit)
You feel a surge of power!
The searing ray hits the troll. (Press . to maintain the ray.)
The troll bites you! The troll claws you!
The troll barely misses you. 😮 HP[-16] MP[-2]
You take 16 damage, and now have 29/45 hp.
MASSIVE DAMAGE!! (PAUSE)
You lost 2 mp, and now have 22/24 mp.
The searing ray hits the troll.
The troll bites you. The troll claws you. x2
* * * LOW HITPOINT WARNING * * *
😨 HP[-8] MP[-1]
You take 8 damage, and now have 21/45 hp.
You lost 1 mp, and now have 21/24 mp.
The searing ray misses the troll.
The troll closely misses you. The troll claws you.
* * * LOW HITPOINT WARNING * * *
The troll barely misses you. 😨 HP[-5] MP[-1]
You take 5 damage, and now have 16/45 hp.
You lost 1 mp, and now have 20/24 mp.
The searing ray hits the troll.
You finish channelling your searing ray.
The troll closely misses you. The troll claws you but does no damage.
The troll barely misses you. 😨 MP[-1]
You lost 1 mp, and now have 19/24 mp.
The troll bites you!
* * * LOW HITPOINT WARNING * * *
You block the troll's attack. The troll misses you.
You climb upwards.
There is a stone staircase leading down here. 😱 HP[-7] MP[+1]
You take 7 damage, and now have 9/45 hp.
The troll misses you. The troll claws you!
* * * LOW HITPOINT WARNING * * *
The troll claws you but does no damage. 😱 HP[-8]
You take 8 damage, and now have 1/45 hp.
The troll closely misses you. The troll barely misses you.
You block the troll's attack. 😱 MP[+1]
The troll bites you!
You die...

Skill      XL: |  1  2  3  4  5  6  7  8  9 |
---------------+----------------------------+-----
Conjurations   | 5 6 7 8 |  8.3
Spellcasting   | 5 6 7 8 9 |  9.1
Stealth        | 3 4 |  4.8
Dodging        | 3 |  3.5
Armour         | 1 2 3 |  3.3
Fire Magic     | 2 4 |  4.5
Translocations | 2 3 |  3.1
Fighting       | |  0.3
Shields        | |  0.1

Action                   |  1- 3 |  4- 6 |  7- 9 || total
-------------------------+-------+-------+-------++-------
Melee: Club              |    12 |       |       ||    12
       Short sword       |       |     2 |       ||     2
 Cast: Magic Dart        |    32 |    45 |    65 ||   142
       Searing Ray       |     3 |    21 |    43 ||    67
  Use: Scroll            |       |     3 |     1 ||     4
Armor: Robe              |     3 |       |     2 ||     5
       Leather armour    |       |     1 |    14 ||    15
Dodge: Dodged            |    14 |     5 |    47 ||    66
Block: Buckler           |       |       |     7 ||     7

Levels and vault maps discovered:
D:1:      co_arrival_random_square_maze, layout_basic,
          ebering_ecumenical_altar_sacrificial
D:2:      layout_loops_ring, basic_altar, uniq_jessica, uniq_sigmund
D:3:      layout_basic, mainiacjoe_overflow_24_doors, mainiacjoe_overflow_paths,
          serial_shops, nicolae_shop_temple_entry_statues_fountains
D:4:      layout_loops_corners, kennysheep_mini_moat, amcnicky_altar_gilded,
          pf_just_have_faith, minmay_temple_entry_mist, grunt_decor_one_mirror
D:5:      layout_rooms, mainiacjoe_overflow_small_starburst, serial_shops,
          nicolae_shop_stone
D:6:      layout_gridville, mainiacjoe_overflow_alcove_1
D:7:      layout_basic, st_stairs_13, eino_jars, uniq_menkaure
Temple:   nicolae_temple_figure_eight

Notes
Turn   | Place    | Note
-------+----------+-------------------------------------------
     0 | D:1      | mortz the Deep Elf Conjurer began the quest for the Orb.
     0 | D:1      | Reached XP level 1. HP: 10/10 MP: 6/6
     0 | D:1      | magus.rc [v1.9.6]
   120 | D:1      | You pick up a book of Flames and begin reading...
   120 | D:1      | You add the spells Foxfire, Conjure Flame, Inner Flame and
                  | Flame Wave to your library.
   178 | D:1      | Reached XP level 2. HP: 15/15 MP: 1/8
   339 | D:1      | Found a faded altar of an unknown god.
   654 | D:1      | Learned a level 2 spell: Searing Ray
   955 | D:1      | Learned a level 1 spell: Foxfire
  1041 | D:2      | Found a basalt altar of Yredelemnul.
  1050 | D:2      | You fall into a shaft and drop 1 floor!
  1079 | D:3      | Reached skill level 5 in Conjurations
  1103 | D:3      | Found a glowing golden altar of the Shining One.
  1112 | D:3      | Reached XP level 3. HP: 19/19 MP: 8/10
  1167 | D:3      | Reached XP level 4. HP: 9/24 MP: 0/11
  1349 | D:3      | Found Yxtulay's Antique Armour Emporium.
  1410 | D:3      | Found a stormy altar of Qazlal.
  1540 | D:2      | Noticed Sigmund
  1828 | D:2      | Reached skill level 4 in Spellcasting
  1930 | D:2      | You add the spells Animate Skeleton, Passwall and Yara's
                  | Violent Unravelling to your library.
  1930 | D:2      | Got the Collected Works on Mutagenic Dark Magic
  1979 | D:2      | Reached skill level 3 in Stealth
  2023 | D:2      | Noticed Jessica
  2027 | D:2      | Killed Jessica
  2997 | D:4      | Noticed a necrophage
  3046 | D:4      | Noticed a sky beast
  3070 | D:4      | Killed a sky beast
  3071 | D:4      | Reached skill level 3 in Dodging
  3071 | D:4      | Reached skill level 5 in Spellcasting
  3071 | D:4      | Reached skill level 6 in Conjurations
  3071 | D:4      | Reached XP level 5. HP: 28/28 MP: 3/14
  3161 | D:4      | You pick up a book of Lightning and begin reading...
  3161 | D:4      | You add the spells Static Discharge, Lightning Bolt and
                  | Maxwell's Capacitive Coupling to your library.
  3377 | D:4      | Found a staircase to the Ecumenical Temple.
  3386 | Temple   | Entered the Ecumenical Temple
  3712 | D:4      | Reached XP level 6. HP: 32/32 MP: 8/16
  3833 | D:4      | You pick up a book of Scorching and begin reading...
  3833 | D:4      | You add the spells Scorch and Summon Cactus Giant to your
                  | library.
  3944 | D:4      | Found a hide-covered altar of Uskayaw.
  4175 | D:4      | Found a burning altar of Makhleb.
  4264 | D:4      | Found a basalt altar of Yredelemnul.
  4566 | D:4      | Reached skill level 1 in Armour
  4566 | D:4      | Reached skill level 6 in Spellcasting
  4662 | D:5      | Entered Level 5 of the Dungeon
  4751 | D:5      | Reached skill level 4 in Stealth
  4787 | D:5      | Reached XP level 7. HP: 36/36 MP: 15/18
  4930 | D:5      | Found a snail-covered altar of Cheibriados.
  4937 | D:5      | Reached skill level 2 in Armour
  4994 | D:5      | Reached skill level 7 in Conjurations
  5212 | D:5      | Found Vafim's Weapon Shoppe.
  5445 | D:5      | Reached skill level 1 in Fire Magic
  5796 | D:6      | Reached skill level 7 in Spellcasting
  5996 | D:6      | Reached skill level 2 in Fire Magic
  5996 | D:6      | Reached XP level 8. HP: 30/41 MP: 12/20
  6689 | D:6      | Reached skill level 1 in Translocations
  6689 | D:6      | Reached skill level 3 in Fire Magic
  6821 | D:6      | Found a radiant altar of Vehumet.
  6825 | D:6      | Became a worshipper of Vehumet
  7110 | D:7      | HP: 4/41 [centaur/arrow (15)]
  7448 | D:7      | Reached skill level 3 in Armour
  7499 | D:7      | Identified the +2 leather armour "Fopur" {SInv}
  7522 | D:7      | Noticed Menkaure
  7527 | D:7      | Killed Menkaure
  7528 | D:7      | Reached skill level 8 in Spellcasting
  7528 | D:7      | Reached skill level 8 in Conjurations
  7528 | D:7      | Reached skill level 2 in Translocations
  7531 | D:7      | Learned a level 2 spell: Scorch
  7658 | D:7      | Identified a +1 robe of the Archmagi
  7861 | D:7      | Reached skill level 4 in Fire Magic
  7861 | D:7      | Reached XP level 9. HP: 34/45 MP: 18/23
  7864 | D:7      | Reached skill level 3 in Translocations
  7971 | D:7      | Reached skill level 9 in Spellcasting
  8179 | D:7      | Noticed a troll
  8208 | D:7      | HP: 8/45 [troll (8)]
  8210 | D:6      | HP: 1/45 [troll (8)]
  8215 | D:6      | Demolished by a troll

Vanquished Creatures
  Menkaure (D:7)
  A water moccasin (D:7)
  4 sky beasts
  An ice beast (D:7)
  A black bear (D:4)
  An ogre (D:5)
  A necrophage (D:4)
  A phantom (D:6)
  A gnoll sergeant (D:6)
  2 scorpions (D:6)
  3 water moccasin zombies
  9 killer bees (D:7)
  A howler monkey (D:6)
  A bullfrog skeleton (D:5)
  3 jellies
  2 orc priests (D:5)
  Jessica (D:2)
  An iguana (D:5)
  A scorpion zombie (D:3)
  2 orc wizards
  A hound skeleton (D:5)
  A howler monkey zombie (D:5)
  5 gnolls (D:6)
  3 adders
  A howler monkey skeleton (D:5)
  A worm (D:2)
  3 dart slugs
  10 orcs
  6 bats
  5 endoplasms
  A giant cockroach (D:3)
  6 goblins
  3 hobgoblins
  3 jackals (D:3)
  4 quokkas
  6 ball pythons
  2 frilled lizards
  3 kobolds
  A rat (D:1)
103 creatures vanquished.

Table legend:
 A = Non-vault XP
 B = Vault XP
 C = Vault XP percentage of total XP
 D = Non-vault monster count
 E = Vault monster count
 F = Vault count percentage of total count
                 A         B        C        D         E       F
            +---------+---------+-------+---------+---------+-------
      Total |    2332 |     922 |  28.3 |      90 |      13 |  12.6
            +---------+---------+-------+---------+---------+-------
        D:1 |      25 |       0 |   0.0 |      13 |       0 |   0.0
        D:2 |      33 |      37 |  52.9 |      15 |       1 |   6.2
        D:3 |      81 |       0 |   0.0 |      15 |       0 |   0.0
        D:4 |     486 |       0 |   0.0 |      14 |       0 |   0.0
        D:5 |     581 |       0 |   0.0 |      15 |       0 |   0.0
        D:6 |     724 |       0 |   0.0 |      15 |       0 |   0.0
        D:7 |     402 |     885 |  68.8 |       3 |      12 |  80.0
            +---------+---------+-------+---------+---------+-------

Illustrated notes

Table legend:
 A = Kills in this place as a percentage of kills in entire the game.
 B = Kills by you in this place as a percentage of kills by you in the entire game.
 C = Kills by friends in this place as a percentage of kills by friends in the entire game.
 D = Other kills in this place as a percentage of other kills in the entire game.
 E = Experience gained in this place as a percentage of experience gained in the entire game.
 F = Experience gained in this place divided by the number of levels of this place that you have seen.
                   A       B       C       D       E      F
               +-------+-------+-------+-------+-------+----------------------
         Total | 100.0 | 100.0 |   N/A |   N/A | 100.0 | 406.8
       Dungeon | 100.0 | 100.0 |   N/A |   N/A | 100.0 | 464.9
               +-------+-------+-------+-------+-------+----------------------

Table legend: (Time is in decaauts)
 A = Elapsed time spent in this place.
 B = Non-inter-level travel time spent in this place.
 C = Inter-level travel time spent in this place.
 D = Time resting spent in this place.
 E = Time spent auto-exploring this place.
 F = Levels seen in this place.
 G = Mean time per level.
                   A        B        C        D        E       F      G
               +--------+--------+--------+--------+--------+-----+--------+
         Total |   8236 |   7824 |    412 |   1088 |   5814 |   8 | 1029.5 |
       Dungeon |   8021 |   7619 |    402 |   1088 |   5613 |   7 | 1145.9 |
        Temple |    214 |    204 |     10 |      0 |    201 |   1 |  214.0 |
               +--------+--------+--------+--------+--------+-----+--------+

Top non-repeatable levels by time:
     D:6: 1654 daAuts
     D:4: 1617 daAuts
     D:1: 1113 daAuts
     D:5: 1083 daAuts
     D:2: 1050 daAuts
     D:3: 788 daAuts
     D:7: 714 daAuts
  Temple: 214 daAuts
